 Dungeon Crawl Stone Soup version 0.31-a0-188-g5e087ee2ca (webtiles) character file.

Game seed: 9229802185406437530

6127 qw the Markself (level 10, 0/58 HPs)
             Began as a Deep Elf Hunter on June 23, 2023.
             Was a High Priest of Okawaru.
             Succumbed to a killer bee's poison
             ... on level 9 of the Dungeon.
             The game lasted 00:02:57 (6345 turns).

qw the Markself (Deep Elf Hunter)                   Turns: 6345, Time: 00:02:57

Health: 0/58       AC: 14    Str: 13    XL:     10   Next: 59%
Magic:  16/17      EV: 21    Int: 15    God:    Okawaru [*****.]
Gold:   360        SH:  0    Dex: 20    Spells: 9/9 levels left

rFire   x . .        Y - +0 orcbow
rCold   + . .        (shield currently unavailable)
rNeg    . . .        a - +3 leather armour {Will+}
rPois   +            (no helmet)
rElec   .            g - +2 cloak
rCorr   .            o - +2 pair of gloves
SInv    .            i - +0 pair of boots
Will    ++...        l - amulet of faith
Stlth   ++++         j - ring of Ycagaask {Ice rPois Str+3 Slay+2}
HPRegen 0.29/turn    d - +4 ring of slaying {mikee}
MPRegen 0.15/turn

%: clarity, faith
@: lethally poisoned (0 -> -6), heroic
A: claws 1, talons 1, camouflage 1, clarity
a: Renounce Religion, Heroism, Finesse, Duel


You were on level 9 of the Dungeon.
You worshipped Okawaru.
Okawaru was extremely pleased with you.
You visited 1 branch of the dungeon, and saw 9 of its levels.

You collected 494 gold pieces.
You spent 134 gold pieces at shops.


Innate Abilities, Weirdness & Mutations

You have sharp fingernails.
You have sharp toenails.
Your skin changes colour to match your surroundings (Stealth+).
You possess an exceptional clarity of mind.


   Skills:
 + Level 4.6(9.6) Fighting
 - Level 16.0(21.0) Ranged Weapons
 - Level 1.6(6.6) Armour
 - Level 8.0(13.0) Dodging
 - Level 1.2(6.2) Stealth
 + Level 6.9 Invocations


You had 9 spell levels left.
You didn't know any spells.
Your spell library was empty.

Inventory:

Hand Weapons
 Y - a +0 orcbow (weapon)
Armour
 a - a +3 leather armour of willpower (worn)
 g - a +2 cloak (worn)
 i - a +0 pair of boots (worn)
 o - a +2 pair of gloves (worn)
Jewellery
 d - a +4 ring of slaying (right hand) {mikee}
 j - the ring of Ycagaask (left hand) {Ice rPois Str+3 Slay+2}
   (You found it on level 3 of the Dungeon)

   [ring of ice]

   It enhances your ice magic.
   Str:       It affects your strength (+3).
   Slay:      It affects your accuracy & damage with ranged weapons and melee
   (+2).
   rF:        It makes you vulnerable to fire.
   rC:        It protects you from cold.
   rPois:     It protects you from poison.
 l - an amulet of faith (around neck)
Wands
 f - a wand of digging (8)
Scrolls
 b - a scroll of identify
Potions
 c - a potion of curing
 e - a potion of enlightenment
 h - 4 potions of mutation
 k - a potion of might
 m - a potion of cancellation
 n - a potion of haste
 p - a potion of berserk rage {unknown}

Dungeon Overview and Level Annotations

Branches:
Dungeon (9/15)             Temple (0/1) D:5
   Lair: D:8-11         Orc: D:9-12

Altars:
Fedhas
Gozag
Okawaru
Xom

Shops:
D:5 [

Annotations:
D:4 2 transporters
D:5 2 transporters, qw's ghost, novice DEHu
D:6 1 runed translucent door, qw's ghost, novice DEHu


Message History

The killer bee stings you but does no damage.
You shoot an arrow.
The arrow closely misses the killer bee.
You feel very sick. The killer bee closely misses you.
The killer bee barely misses you. The killer bee misses you.
The killer bee closely misses you.
You shoot an arrow.
The arrow closely misses the killer bee.
You feel very sick. The killer bee barely misses you.
The killer bee stings you but does no damage.
You shoot an arrow. The arrow hits the killer bee.
You kill the killer bee!
Okawaru accepts your kill.
You feel sick. The killer bee completely misses you.
A killer bee comes into view.
The killer bee closely misses you. The killer bee barely misses you.
You shoot an arrow. The arrow misses the killer bee.
You feel sick.
The killer bee stings you but does no damage.
The killer bee closely misses you.
You shoot an arrow. The arrow hits the killer bee!
The killer bee is severely wounded.
You feel sick. The killer bee stings you.
You are more poisoned.
The killer bee poisons you! The killer bee closely misses you.
The killer bee stings you! The killer bee misses you.
You shoot an arrow. The arrow hits the killer bee.
The killer bee is severely wounded.
You feel sick. The killer bee completely misses you.
The killer bee barely misses you.
You shoot an arrow. The arrow barely misses the killer bee.
You feel sick.
The killer bee stings you but does no damage.
The killer bee misses you.
You shoot an arrow. The arrow misses the killer bee.
You feel sick. The killer bee completely misses you. The killer bee misses you.
The killer bee barely misses you. The killer bee closely misses you.
You shoot an arrow. The arrow misses the killer bee.
You die...

.#.....#...#....#
##.....#...#....#
#.....#...'....#
#.....#...#....#
#.....#...#....#
#.....#...#....#
##'##########...##
...# #........#
...# #.......@#
...#
+......%yy...#
...#
#........#...#
...#
#........#...#
##.# ######+#.#
### #... #.. +...#
#... #...# #.. ##


You could see 2 killer bees.

Vanquished Creatures
  Pikel (D:8)
  A wyvern (D:9)
  A vampire (D:9)
  A wraith (D:9)
  15 yaks (D:9)
  2 water moccasins
  A sky beast (D:8)
  2 orc warriors
  A black bear (D:4)
  3 ice beasts
  3 centaurs
  A lemure (D:8)
  A phantom (D:5)
  A kobold brigand (D:6)
  3 bullfrogs
  5 scorpions
  9 wights
  3 killer bees (D:9)
  A howler monkey (D:7)
  6 hounds
  2 jellies (D:5)
  An orc priest (D:7)
  Jessica (D:3)
  2 iguanas
  Ijyb (D:3)
  A sleepcap (D:6)
  Natasha (thrice) (D:4)
  3 orc wizards
  12 adders
  A shadow imp (D:6)
  3 white imps
  2 ufetubi
  A worm (D:4)
  18 orcs
  5 ball pythons
  5 endoplasms
  2 giant cockroaches
  8 goblins
  5 hobgoblins (D:1)
  5 jackals
  6 kobolds
  4 quokkas
  4 bats
  4 frilled lizards
  3 rats
163 creatures vanquished.

Notes
Turn   | Place    | Note
-------+----------+-------------------------------------------
     0 | D:1      | qw the Deep Elf Hunter began the quest for the Orb.
     0 | D:1      | Reached XP level 1. HP: 12/12 MP: 3/3
     0 | D:1      | 0 ||| qw: Version: 0.3-a-9-g12657ce
     0 | D:1      | 0 ||| qw: Game counter: 4262
     0 | D:1      | 0 ||| qw: Always use a shield: true
     0 | D:1      | 0 ||| qw: God list: Okawaru
     0 | D:1      | 0 ||| qw: Allow faded altars: false
     0 | D:1      | 0 ||| qw: Do Orc after D:15 true
     0 | D:1      | 0 ||| qw: Do second Lair branch before Depths: true
     0 | D:1      | 0 ||| qw: Lair rune preference: random
     0 | D:1      | 0 ||| qw: Plans: Normal
     0 | D:1      | 0 ||| PLANNING D:1-11
    66 | D:1      | Reached skill level 6 in Ranged Weapons
    66 | D:1      | Reached XP level 2. HP: 14/16 MP: 4/4
   394 | D:1      | 394 ||| UPGRADING to +0 ring mail.
   404 | D:1      | 404 ||| DROPPING +0 leather armour.
   405 | D:1      | 405 ||| UPGRADING to +0 pair of boots.
   410 | D:1      | 410 ||| READING scroll labelled POULULLOGH.
   411 | D:1      | 411 ||| READING scroll labelled CYBUNT WIMEGE.
   412 | D:1      | 412 ||| READING scroll labelled WABETEN MEEM.
   415 | D:1      | 415 ||| DROPPING scroll of butterflies.
   458 | D:2      | Reached XP level 3. HP: 20/20 MP: 5/5
   629 | D:2      | Found an iron altar of Okawaru.
   630 | D:2      | 630 ||| PLANNING OKAWARU WORSHIP
   630 | D:2      | 630 ||| READING scroll labelled PUDAUC OMOMP.
   631 | D:2      | 631 ||| READING scroll labelled OKUTHR GIRGHESIM.
   639 | D:2      | Became a worshipper of Warmaster Okawaru
   640 | D:2      | 640 ||| PLANNING D:1-11
   654 | D:2      | Reached skill level 7 in Ranged Weapons
   906 | D:2      | 906 ||| Stepping ~*~*~tactically~*~*~ (outnumbered).
   909 | D:2      | 909 ||| Stepping ~*~*~tactically~*~*~ (outnumbered).
   911 | D:2      | 911 ||| Stepping ~*~*~tactically~*~*~ (outnumbered).
   927 | D:2      | Reached XP level 4. HP: 11/25 MP: 6/6
   928 | D:2      | HP: 5/25 [orc/+0 short sword (4)]
   928 | D:2      | HP: 1/25 [orc/+0 flail (4)]
   929 | D:2      | 929 ||| READING scroll of teleportation.
  1166 | D:2      | 1166 ||| READING 2 scrolls labelled XIRU IS FIRHOA.
  1167 | D:2      | 1167 ||| DRINKING 2 golden potions.
  1241 | D:3      | Noticed Jessica
  1249 | D:3      | Killed Jessica
  1250 | D:3      | Reached skill level 8 in Ranged Weapons
  1313 | D:3      | Identified the +1 buckler "Kawn" {rC+ Int+2}
  1343 | D:3      | Found an opulent altar of Gozag.
  1353 | D:3      | Noticed Ijyb
  1392 | D:3      | Killed Ijyb
  1393 | D:3      | Reached XP level 5. HP: 18/29 MP: 7/7
  1398 | D:3      | 1398 ||| FLEEEEING.
  1399 | D:3      | 1399 ||| FLEEEEING.
  1401 | D:3      | 1401 ||| FLEEEEING.
  1402 | D:3      | 1402 ||| FLEEEEING.
  1404 | D:3      | 1404 ||| FLEEEEING.
  1405 | D:3      | 1405 ||| FLEEEEING.
  1406 | D:3      | 1406 ||| FLEEEEING.
  1407 | D:3      | 1407 ||| STAIRDANCE
  1436 | D:2      | 1436 ||| READING 2 scrolls of identify.
  1436 | D:2      | 1436 ||| IDENTIFYING emerald potion
  1437 | D:2      | 1437 ||| DROPPING potion of brilliance.
  1484 | D:3      | Identified the ring of Ycagaask {Ice rPois Str+3 Slay+2}
  1674 | D:3      | Reached skill level 9 in Ranged Weapons
  1977 | D:3      | 1977 ||| UPGRADING to +3 leather armour of willpower.
  1987 | D:3      | 1987 ||| DROPPING +0 ring mail.
  1988 | D:3      | 1988 ||| UPGRADING to ring of Ycagaask {Ice rPois Str+3
                  | Slay+2}.
  1989 | D:3      | 1989 ||| READING scroll labelled RIOR KIDUISASE.
  2090 | D:3      | 2090 ||| READING 3 scrolls of identify.
  2090 | D:3      | 2090 ||| IDENTIFYING orange potion
  2091 | D:3      | 2091 ||| READING 2 scrolls of identify.
  2091 | D:3      | 2091 ||| IDENTIFYING bubbling red potion
  2092 | D:3      | 2092 ||| DROPPING potion of ambrosia.
  2093 | D:3      | 2093 ||| DROPPING potion of lignification.
  2141 | D:4      | Reached * piety under Okawaru
  2190 | D:4      | Reached skill level 3 in Dodging
  2190 | D:4      | Reached skill level 1 in Invocations
  2208 | D:4      | Noticed Natasha
  2209 | D:4      | 2209 ||| INVOKING Heroism.
  2212 | D:4      | Killed Natasha
  2213 | D:4      | Reached XP level 6. HP: 35/35 MP: 5/8
  2236 | D:4      | Noticed Natasha
  2241 | D:4      | Killed Natasha
  2263 | D:4      | Found a transporter.
  2306 | D:4      | Noticed Natasha
  2314 | D:4      | 2314 ||| Stepping ~*~*~tactically~*~*~ (outnumbered).
  2315 | D:4      | Killed Natasha
  2523 | D:4      | Found a transporter.
  2666 | D:4      | Reached skill level 10 in Ranged Weapons
  2873 | D:5      | Entered Level 5 of the Dungeon
  2904 | D:5      | Reached XP level 7. HP: 40/40 MP: 8/10
  2921 | D:5      | Found a transporter.
  2924 | D:5      | Noticed qw's ghost (novice DEHu)
  2932 | D:5      | 2932 ||| INVOKING Heroism.
  2973 | D:5      | Reached skill level 3 in Invocations
  3094 | D:5      | Found Jitat's Armour Shop.
  3095 | D:5      | Found a staircase to the Ecumenical Temple.
  3102 | D:5      | 3102 ||| BUYING +0 cloak (67 gold).
  3102 | D:5      | Bought a +0 cloak for 67 gold pieces
  3102 | D:5      | 3102 ||| BUYING +0 pair of gloves (67 gold).
  3102 | D:5      | Bought a +0 pair of gloves for 67 gold pieces
  3102 | D:5      | 3102 ||| SHOPLISTING +1 pair of gloves (172 gold, have 51).
  3111 | D:5      | 3111 ||| INVOKING Heroism.
  3337 | D:5      | Found a transporter.
  3394 | D:5      | 3394 ||| INVOKING Heroism.
  3400 | D:5      | Reached skill level 11 in Ranged Weapons
  3447 | D:5      | 3447 ||| UPGRADING to +0 cloak.
  3452 | D:5      | 3452 ||| UPGRADING to +0 pair of gloves.
  3457 | D:5      | 3457 ||| READING scroll labelled DAOZOC CEUR.
  3478 | D:6      | 3478 ||| INVOKING Heroism.
  3497 | D:6      | Reached skill level 1 in Armour
  3497 | D:6      | Reached XP level 8. HP: 38/44 MP: 11/13
  3750 | D:6      | 3750 ||| Stepping ~*~*~tactically~*~*~ (outnumbered).
  3836 | D:6      | Reached skill level 12 in Ranged Weapons
  3932 | D:6      | Reached skill level 3 in Fighting
  3972 | D:6      | Found a blossoming altar of Fedhas.
  3980 | D:6      | Reached ** piety under Okawaru
  4057 | D:6      | Found a runed translucent door.
  4057 | D:6      | Found a shimmering altar of Xom.
  4057 | D:6      | Noticed qw's ghost (novice DEHu)
  4057 | D:6      | Noticed a +2 spear of chaos
  4267 | D:6      | 4267 ||| UPGRADING to +2 pair of gloves.
  4277 | D:6      | 4277 ||| DROPPING +0 pair of gloves.
  4278 | D:6      | 4278 ||| UPGRADING to amulet of faith.
  4283 | D:6      | 4283 ||| READING scroll labelled LEVOSUA ZYMNA.
  4284 | D:6      | 4284 ||| DRINKING 2 cyan potions.
  4285 | D:6      | 4285 ||| READING 2 scrolls of identify.
  4285 | D:6      | 4285 ||| IDENTIFYING white potion
  4286 | D:6      | 4286 ||| DROPPING potion of invisibility.
  4424 | D:7      | Reached skill level 13 in Ranged Weapons
  4449 | D:7      | 4449 ||| INVOKING Heroism.
  4483 | D:7      | 4483 ||| INVOKING Heroism.
  4484 | D:7      | 4484 ||| Stepping ~*~*~tactically~*~*~ (outnumbered).
  4499 | D:7      | 4499 ||| Stepping ~*~*~tactically~*~*~ (outnumbered).
  4501 | D:7      | 4501 ||| Stepping ~*~*~tactically~*~*~ (outnumbered).
  4503 | D:7      | 4503 ||| Stepping ~*~*~tactically~*~*~ (outnumbered).
  4507 | D:7      | 4507 ||| INVOKING Heroism.
  4519 | D:7      | Reached XP level 9. HP: 31/50 MP: 12/14
  4672 | D:7      | 4672 ||| SWAPPING to +0 orcbow.
  4680 | D:7      | Reached skill level 6 in Dodging
  4680 | D:7      | 4680 ||| DROPPING +1 shortbow.
  5146 | D:7      | 5146 ||| READING scroll labelled OREMPEVIAK.
  5147 | D:7      | 5147 ||| DRINKING 3 viscous coppery potions.
  5147 | D:7      | Gained mutation: You have sharp toenails. [potion of
                  | mutation]
  5147 | D:7      | Gained mutation: You have sharp fingernails. [potion of
                  | mutation]
  5147 | D:7      | Gained mutation: Your skin changes colour to match your
                  | surroundings (Stealth+). [potion of mutation]
  5147 | D:7      | Gained mutation: You possess an exceptional clarity of
                  | mind. [potion of mutation]
  5148 | D:7      | 5148 ||| READING 3 scrolls of identify.
  5148 | D:7      | 5148 ||| IDENTIFYING bubbling ruby potion
  5149 | D:7      | 5149 ||| READING 2 scrolls of identify.
  5149 | D:7      | 5149 ||| IDENTIFYING yellow potion
  5150 | D:7      | 5150 ||| DROPPING potion of degeneration.
  5225 | D:8      | Reached skill level 14 in Ranged Weapons
  5318 | D:8      | Reached *** piety under Okawaru
  5371 | D:8      | Noticed Pikel
  5371 | D:8      | 5371 ||| INVOKING Heroism.
  5388 | D:8      | Killed Pikel
  5389 | D:8      | Reached skill level 15 in Ranged Weapons
  5673 | D:8      | 5673 ||| UPGRADING to +2 cloak.
  5683 | D:8      | 5683 ||| DROPPING +0 cloak.
  5684 | D:8      | 5684 ||| UPGRADING to +4 ring of slaying {mikee}.
  5685 | D:8      | 5685 ||| READING 3 scrolls of identify.
  5685 | D:8      | 5685 ||| IDENTIFYING murky pink potion
  5686 | D:8      | 5686 ||| READING 2 scrolls of identify.
  5686 | D:8      | 5686 ||| IDENTIFYING fuming sapphire potion
  5787 | D:9      | Reached **** piety under Okawaru
  5815 | D:9      | Received a gift from Okawaru
  5816 | D:9      | Reached XP level 10. HP: 56/56 MP: 15/15
  5860 | D:9      | 5860 ||| INVOKING Heroism.
  5864 | D:9      | HP: 14/56 [yak (3)]
  5865 | D:9      | 5865 ||| DRINKING potion of heal wounds.
  5875 | D:9      | 5875 ||| INVOKING Heroism.
  5878 | D:9      | HP: 14/56 [yak (5)]
  5879 | D:9      | Reached skill level 16 in Ranged Weapons
  5880 | D:9      | HP: 3/56 [yak (12)]
  6099 | D:9      | Reached skill level 6 in Invocations
  6105 | D:9      | 6105 ||| INVOKING Heroism.
  6113 | D:9      | Reached ***** piety under Okawaru
  6333 | D:9      | 6333 ||| INVOKING Heroism.
  6341 | D:9      | HP: 13/58 [killer bee (2)]
  6341 | D:9      | HP: 6/58 [killer bee (7)]
  6343 | D:9      | HP: 2/58 [poisoned by a killer bee]
  6345 | D:9      | Succumbed to a killer bee's poison

Levels and vault maps discovered:
D:1:      psy_arrival_heroes, layout_basic
D:2:      layout_loops_cross, basic_altar, kennysheep_generic_room_3
D:3:      layout_basic, lemuel_tele_altar, uniq_jessica, uniq_ijyb
D:4:      gammafunk_steamed_eel, layout_cave_pods, uniq_natasha
D:5:      layout_basic, minmay_temple_entry_junction, serial_shops, shop,
          gammafunk_ghost_mausoleum, hangedman_decor_riveting
D:6:      layout_loops_ring, old_standard_altar, ebering_ghost_xom, st_stairs_5
D:7:      layout_loops_cross, minmay_misc_feat_rugged
D:8:      layout_cave_pools, st_stairs_3, uniq_pikel
D:9:      layout_grid_maze, kennysheep_generic_room_2

Skill      XL: |  1  2  3  4  5  6  7  8  9 10 |
---------------+-------------------------------+-----
Ranged Weapons | 6 7 8 9 10 11 13 15 16 | 16.0
Dodging        | 3 4 5 7 8 |  8.0
Invocations    | 1 2 4 6 |  6.9
Fighting       | 2 3 4 |  4.6
Armour         | 1 |  1.6
Stealth        | |  1.2

Action                     |  1- 3 |  4- 6 |  7- 9 | 10-12 || total
---------------------------+-------+-------+-------+-------++-------
   Fire: Shortbow          |    92 |   160 |   218 |       ||   470
         Orcbow            |       |       |   114 |    93 ||   207
 Invoke: Heroism           |       |     1 |     8 |     4 ||    13
    Use: Scroll            |     5 |     6 |     8 |       ||    19
         Potion            |       |     1 |     2 |     1 ||     4
 Armour: Leather armour    |     5 |     3 |    52 |    16 ||    76
         Ring mail         |    10 |    22 |       |       ||    32
  Dodge: Dodged            |    33 |    51 |    59 |    83 ||   226

Table legend:
 A = Non-vault XP
 B = Vault XP
 C = Vault XP percentage of total XP
 D = Non-vault monster count
 E = Vault monster count
 F = Vault count percentage of total count
                 A         B        C        D         E       F
            +---------+---------+-------+---------+---------+-------
      Total |    7594 |    1159 |  13.2 |     151 |      11 |   6.8
            +---------+---------+-------+---------+---------+-------
        D:1 |      39 |       0 |   0.0 |      22 |       0 |   0.0
        D:2 |      83 |      14 |  14.4 |      20 |       1 |   4.8
        D:3 |      77 |      73 |  48.7 |       9 |       2 |  18.2
        D:4 |     337 |      35 |   9.4 |      21 |       1 |   4.5
        D:5 |     706 |       0 |   0.0 |       9 |       0 |   0.0
        D:6 |     943 |      96 |   9.2 |      23 |       2 |   8.0
        D:7 |     933 |       0 |   0.0 |      18 |       0 |   0.0
        D:8 |     560 |     666 |  54.3 |       7 |       3 |  30.0
        D:9 |    3916 |     275 |   6.6 |      22 |       2 |   8.3
            +---------+---------+-------+---------+---------+-------
